Cogmind - Beta 10.2 @@@ ROGUE MODE // 2020.11.27 @ 02:00:30 Player: EgoOrb Result: Destroyed by G-34 Mercenary with Small Laser Performance ------------- Evolutions (0) 0 Regions Visited (1) 200 Robots Destroyed (4) 20 Value Destroyed (40) 40 Prototype IDs (0) 0 Alien Tech Used (0) 0 Bonus (0) 0 TOTAL SCORE: 260 Bonus ------- None Cogmind --------- Core Integrity 0/250 Matter 300/300 Energy 100/100 System Corruption 1% Temperature Cool (6) Movement Treading (160) Location -10/Materials Parts ------- > --- POWER (1) -------- (None) > --- PROPULSION (2) --- Light Treads > --- UTILITY (2) ------ Heat Sink Heat Sink > --- WEAPON (2) ------- Assault Rifle > --- INVENTORY (4) ---- Medium Battery (90) Peak State ------------ > --- POWER ------------ (None) > --- PROPULSION ------- Light Treads Light Treads > --- UTILITY ---------- Heat Sink Heat Sink > --- WEAPON ----------- Assault Rifle Mining Laser > --- INVENTORY -------- Medium Battery [Rating: 6] Favorites ----------- Power Light Ion Engine Engine Light Ion Engine Propulsion Light Treads Treads Light Treads Utility Heat Sink Device Heat Sink Weapon Light Assault Rifle Ballistic Gun Light Assault Rifle Special Weapon Mining Laser Build | -11 -10 ------- Run | Scr Mat Slots Evolved . | . . Power . | . . Propulsion . | . . Utility . | . . Weapon . | . . Parts Attached 11 | 4 7 Power 3 | 1 2 Engine 3 | 1 2 Core . | . . Reactor . | . . Propulsion 2 | 1 1 Treads 2 | 1 1 Leg . | . . Wheel . | . . Hover . | . . Flight . | . . Utility 2 | . 2 Device 2 | . 2 Storage . | . . Processor . | . . Hackware . | . . Protection . | . . Artifact . | . . Weapon 4 | 2 2 Energy Gun . | . . Energy Cannon . | . . Ballistic Gun 3 | 2 1 Ballistic Cannon . | . . Launcher . | . . Special Weapon 1 | . 1 Impact Weapon . | . . Slashing Weapon . | . . Piercing Weapon . | . . Special Melee Weapon . | . . Unidentified Prototypes . | . . Parts Lost 6 | . 6 Power 2 | . 2 Propulsion 1 | . 1 Utility . | . . Weapon 3 | . 3 Highest Loss Streak 4 | . 4 Average Slot Usage (%) 63 | . 63 Engine 9 | . 9 Treads 17 | . 17 Device 12 | . 12 Ballistic Gun 20 | . 20 Special Weapon 2 | . 2 Naked Turns . | . . Heaviest Build 6 | 5 6 Greatest Support 40 | 20 40 Greatest Overweight (x) . | . . Average Overweight (x) . | . . Largest Inventory Capacity 4 | 4 4 Average Capacity 4 | 4 4 Most Carried 4 | 4 3 Average Carried 1 | 2 1 Final Capacity 4 | 4 4 Final Carried 2 | 2 1 Class Distribution -------------------- 100% | Mutant Dominant Class ---------------- Mutant | -10/Materials Resources | -11 -10 ----------- Run | Scr Mat Matter Collected 281 | 240 41 Remotely . | . . Salvage Created 63 | . 63 Parts 11 | . 11 Haulers Intercepted . | . . Recyclers Shooed . | . . Parts Field Recycled . | . . Retrieved Matter . | . . Parts Self-Destructed . | . . Prevented . | . . Kills | -11 -10 ------- Run | Scr Mat Combat Hostiles Destroyed 4 | . 4 Melee 1 | . 1 Guns 3 | . 3 Classes Destroyed 1 | . 1 Swarmer 4 | . 4 Best Kill Streak 2 | . 2 Combat Bots Only 2 | . 2 Max Kills in Single Turn 1 | . 1 Gunslinging . | . . Exploded . | . . Melee 1 | . 1 Uniques/NPCs Destroyed . | . . Combat | -11 -10 -------- Run | Scr Mat Damage Taken 881 | . 881 Core 251 | . 251 Absorbed by Shields . | . . Core Remaining (%) 100 | 100 . Volleys Fired 18 | . 18 Largest 2 | . 2 Hottest 120 | . 120 Shots Fired 27 | . 27 Gun 26 | . 26 Cannon . | . . Launcher . | . . Special 1 | . 1 Kinetic 26 | . 26 Thermal 1 | . 1 Explosive . | . . Electromagnetic . | . . Robot Hit Streak 3 | . 3 Robot Miss Streak 6 | . 6 Penetration Max . | . . Secondary Targets 1 | . 1 Max Gunslinging Chain 1 | . 1 Shots Hit Robots 13 | . 13 Core Hits 7 | . 7 Critical Hits . | . . Critical Kills . | . . Critical Parts Destroyed . | . . Melee Attacks . | . . Impact . | . . Slashing . | . . Piercing . | . . Sneak Attacks . | . . Combat Hostiles . | . . Follow-up Attacks . | . . Damage Inflicted 211 | . 211 Guns 152 | . 152 Cannons . | . . Explosions . | . . Melee . | . . Ramming 35 | . 35 Kinetic 152 | . 152 Thermal 24 | . 24 Explosive . | . . Electromagnetic . | . . Impact . | . . Slashing . | . . Piercing . | . . Highest Corruption 1 | . 1 Average Corruption 1 | . 1 Corruption Purged . | . . Overload Shots . | . . Overflow Damage . | . . Projectiles . | . . Explosions . | . . Melee . | . . Knockbacks . | . . Impact . | . . Kinetic . | . . Secondary . | . . Self-Inflicted Damage . | . . Shots . | . . Rammed 36 | . 36 Targets Rammed 36 | . 36 Kicked . | . . Crushed . | . . Highest Temperature . | . . Average Temperature . | . . Received Heat Transfer 186 | . 186 Siege Activations . | . . Robots Corrupted . | . . Combat Hostiles . | . . Parts Fried . | . . Impact Corruptions . | . . Robots Melted . | . . Combat Hostiles . | . . Parts Melted . | . . Heat Transferred 50 | . 50 Parts Sabotaged . | . . Parts Stolen . | . . Parts Stripped . | . . Power Chain Reactions . | . . Missiles Intercepted . | . . Alert | -11 -10 ------- Run | Scr Mat Peak Influence 100 | . 100 Initial . | . . Average 37 | . 50 Maximum Alert Level . | . . Low Security (%) 100 | 100 100 Level 1 . | . . Level 2 . | . . Level 3 . | . . Level 4 . | . . Level 5 . | . . High Security . | . . Max Security . | . . Squads Dispatched 1 | . 1 Investigation 1 | . 1 Extermination . | . . Reinforcement . | . . Assault . | . . Garrison . | . . Intercept . | . . Construction Impeded . | . . Haulers Reinforced . | . . Stealth | -11 -10 --------- Run | Scr Mat Distress Signals . | . . Communications Jammed . | . . Distress Signals . | . . Times Spotted 11 | . 11 Peak Tracking Total 4 | . 4 Tactical Retreats 1 | . 1 Traps | -11 -10 ------- Run | Scr Mat Traps Triggered . | . . Indirectly . | . . Trap Hack Attempts . | . . Triggered . | . . Disarmed . | . . Reprogrammed . | . . Reused . | . . Traps Extracted . | . . Installed . | . . Triggered . | . . Machines | -11 -10 ---------- Run | Scr Mat Machines Disabled . | . . Max in Single Turn . | . . Machines Sabotaged . | . . Garrisons Compromised . | . . Overloaded Fab Kills . | . . Fab Network Shutdowns . | . . Hacking | -11 -10 --------- Run | Scr Mat Machines Accessed 1 | . 1 Terminals . | . . Fabricators . | . . Repair Stations . | . . Recycling Units 1 | . 1 Scanalyzers . | . . Garrison Access . | . . Total Hacks 3 | . 3 Successful 2 | . 2 Failed 1 | . 1 Catastrophic . | . . Database Lockouts . | . . Manual . | . . Terminals . | . . Fabricators . | . . Repair Stations . | . . Recycling Units 3 | . 3 Scanalyzers . | . . Garrison Access . | . . Terminal Hacks . | . . Fabricator Hacks . | . . Repair Station Hacks . | . . Recycling Unit Hacks 2 | . 2 Recycle Component 1 | . 1 Report Inventory 1 | . 1 Scanalyzer . | . . Garrison Access Hacks . | . . Unauthorized Hacks . | . . Terminals . | . . Fabricators . | . . Repair Stations . | . . Recycling Units . | . . Scanalyzers . | . . Garrison Access . | . . Data Cores Recovered . | . . Used . | . . Hacking Detections 1 | . 1 Full Trace Events 1 | . 1 Feedback Events 1 | . 1 Corruption 1 | . 1 Feedback Blocked . | . . Robot Schematics Acquired . | . . Robots Built . | . . Matter . | . . Time . | . . Total Robot Build Rating . | . . Part Schematics Acquired . | . . Parts Built . | . . Matter . | . . Time . | . . Total Part Build Rating . | . . Parts Repaired . | . . Time . | . . Parts Recycled 1 | . 1 Recycled Matter . | . . Retrieved Matter . | . . Retrieved Components . | . . Parts Scanalyzed . | . . Part Schematics Acquired . | . . Parts Damaged . | . . Bothacking | -11 -10 ------------ Run | Scr Mat Used RIF Installer . | . . Robots Hacked . | . . Non-combat . | . . Combat . | . . Robot Hacks Applied . | . . Relay Couplers Released . | . . Robots Rewired . | . . Allies Hacked . | . . Hacks Repelled . | . . Allies | -11 -10 -------- Run | Scr Mat Total Allies . | . . Largest Group . | . . Highest-Rated Group . | . . Highest-Rated Ally . | . . Total Orders . | . . Ally Attacks . | . . Total Damage . | . . Kills . | . . Allies Corrupted . | . . Allies Melted . | . . Intel | -11 -10 ------- Run | Scr Mat Robot Analysis Total . | . . Derelict Logs Recovered . | . . Drone Launches . | . . Drone Recoveries . | . . Exploration | -11 -10 ------------- Run | Scr Mat Turns Passed 493 | 124 369 Spaces Moved 242 | 83 159 Core 16 | 16 . Treads 226 | 67 159 Legs . | . . Wheels . | . . Hover . | . . Flight . | . . Fastest Speed 50 | 50 160 Average Speed 152 | 138 160 Slowest Speed 160 | 160 160 Overloaded Moves . | . . Propulsion Burnouts . | . . Robots Hopped . | . . Cave-ins Triggered . | . . Exploration Rate (%) 14 | 7 22 Regions Visited 1 Branch Regions . Pre-discovered Areas . | . . Known Exits Taken . | . . Unknown Exits Taken 1 | 1 . Scrap Searched . | . . Spaces Dug . | . . Terrain Destroyed . | . . Melee . | . . Projectile . | . . AOE . | . . Terrain Rammed . | . . Walls Destroyed . | . . Machines Disabled . | . . Actions | -11 -10 --------- Run | Scr Mat Total 318 | 92 226 Wait . | . . Move 241 | 82 159 Hop . | . . Pick Up 12 | 6 6 Fast Attach . | . . Attach 10 | 4 6 Detach . | . . Swap 1 | . 1 Drop . | . . Fire 18 | . 18 Melee . | . . Ram . | . . Kick . | . . Crush 36 | . 36 Escape Stasis . | . . Rewire . | . . Trap . | . . Miscellaneous . | . . Route ------- -11/Scrapyard -10/Materials (discovered 1 exit: [*Min]) History --------- Turn | Location | Event 83 | -11/Scrapyard | Discovered new exit (range 14) 125 | -11/Scrapyard | Entered Materials 290 | -10/Materials | Discovered new exit (range 15) 309 | -10/Materials | Build established: Mutant 380 | -10/Materials | Core integrity fell below 50% 413 | -10/Materials | Lost 4 parts (2p2w) 473 | -10/Materials | Core integrity fell below 20% 494 | -10/Materials | Destroyed by G-34 Mercenary with Small Laser Last Messages --------------- Lgt. Ion Engine (77%) Feedback: System corruption (+1%). 00397_ ALERT: Suspicious activity at Recycling Unit M001. Dispatching Investigation squad. 00400_ R-06 Scavenger inserts Flight Unit into recycling unit. 00401_ Recycling unit begins recycling process. 00403_ R-06 Scavenger collects Lgt. Ion Engine. 00406_ R-06 Scavenger inserts Lgt. Ion Engine into recycling unit. 00410_ R-06 Scavenger collects Flight Unit. 00421_ Acquired Heat Sink. 00424_ R-06 Scavenger collects Flight Unit. 00428_ Acquired Assault Rifle. 00433_ Acquired Med. Battery. 00436_ Mining Laser destroyed. 00454_ Slammed into G-34 Mercenary. 00460_ Lgt. Treads destroyed. 00461_ Slammed into G-34 Mercenary. 00491_ K-01 Serf collects debris. 00491_ Slammed into G-34 Mercenary. 00493_ K-01 Serf collects debris. Map ----- +----------------------------------------------------+ | | | | | | | | | | | | | ?????????????????????????????????????????????????? | | ?????????????????????????????????????????????????? | | ?????????????????????????????????????????????????? | | ?????????????????????????????????????????????????? | | ?????????????????????????????????????????????????? | | ?????????????????????????????????????????????????? | | ?????????????????????????????????????????????????? | | ?????????????????????????????????????????????????? | | ?????????????????????????????????????????????????? | | ?????????????????????????????????????????????????? | | ?????????????????????????????????????????????????? | | ?????????????????????????????????????????????????? | | ?????????????????????????????????????????????????? | | ?????????????????????????????????????????????????? | | ?????????????????????????????????????????????????? | | ?????????????????????????????????????????????????? | | ?????????????????????????????????????????????????? | | ?????????????????????????????????????????????????? | | ?????????????????????########????????????????????? | | ?????????????????????# T @% #????????????????????? | | ?????????????????????# g%k#????????????????????? | | ??????################ """% + ???????????????????? | | ??????# + + """%%# ?????????????????? | | ?????## #######%""" %# ???????????????? | | ???+ #?????#%%%%%%#? ?????????????? | | ???# #?????########??######????????????? | | ???# #?????????????????????????????????? | | #??# #?????????????????????????????????? | | #??# #?????????????????????????????????? | | #??# #?????????????????????????????????? | | #??# #?????????????????????????????????? | | ########+####?????????????????????????????????? | | = =%%%#########???????????????????????????? | | %% # #???????????????????????????? | | %%%+ #???????????????????????????? | | !// % # #???????????????????????????? | | !/ ###+############# #???????????? | | // % % % ????????? | | "Y" < ????????? | | """ ????????? | | ##############+#########+## ###?????????? | | #???????????????????????????#######???????????? | | #?????????????????????????????????????????????? | | #?????????????????????????????????????????????? | +----------------------------------------------------+ Best States ------------- Heat Dissipation 45 Energy Generation 10 Energy Capacity 125 Matter Stores 300 Matter Capacity 300 Sight Range 16 Terrain Scan Density 10 Evasion (%) 50 Recoil Reduction 2 Item Schematics ----------------- None Robot Schematics ------------------ None Fabricated ------------ Nothing Alien Tech Used ----------------- None Achievements -------------- None Challenges ------------ None Game ------ Seed InsulatedNeutronDriver Manual? 0 Play Time 00:12:30 Cumulative 2.4 hours Start 2020.11.27 @ 01:35:06 End 2020.11.27 @ 02:00:30 Sessions 1 Manual Loads 0 Difficulty Rogue Special Mode None Game No. 7 Rogue 7 Adventurer 0 Explorer 0 Win Type - Total 0 Types 0/0/0/0/0/0/0/0/0 Lore% 2 Gallery% 5 Achievement% 5 Wizard Run 0 Options --------- ASCII 0 Keyboard 0 Movement Arrows Keybinds 0 Fullscreen 1 Font 16/CogWide Map View 76x50 Tactical HUD 1 Map Filters NONE Filters NONE Steam 1 RUN: 9ed8a679-9230-431a-b8cb-709d5b50e6e5